 Dungeon Crawl Stone Soup version 0.24.0-37-gcf1ca852f1 (webtiles) character file.

Game seed: 12693216220774803814, levelgen mode: deterministic

676 grindst0ne the Ducker (level 7, -7/50 HPs)
             Began as an Octopode Fighter on Nov 24, 2019.
             Mangled by an orc priest
             ... wielding a +0 flail
              (14 damage)
             ... on level 4 of the Dungeon.
             The game lasted 00:06:03 (3444 turns).

grindst0ne the Ducker (Octopode Fighter)            Turns: 3444, Time: 00:06:03

Health: -7/50      AC:  1    Str: 16    XL:     7   Next: 59%
Magic:  7/7        EV: 14    Int: 10    God:
Gold:   175        SH: 10    Dex: 13    Spells: 6/6 levels left

rFire    . . .     SeeInvis .   a - +0 war axe
rCold    . . .     Gourm    .   b - +0 shield
rNeg     . . .     Faith    .   (helmet restricted)
rPois    .         Spirit   .   (no amulet)
rElec    .         Reflect  .   (no ring)
rCorr    .         Harm     .   (no ring)
MR       .....                  (no ring)
Stlth    ++........             (no ring)
HPRegen  0.16/turn              (no ring)
MPRegen  0.10/turn              (no ring)
                                (no ring)
                                (no ring)

@: no status effects
A: almost no armour, stealthy swim, amphibious, 8 rings, constrict 8, camouflage
1, gelatinous body 1
a: no special abilities


You were on level 4 of the Dungeon.
You were hungry.

You visited 1 branch of the dungeon, and saw 4 of its levels.

You collected 175 gold pieces.

Inventory:

Hand Weapons
 a - a +0 war axe (weapon)
Missiles
 j - 10 boomerangs
 l - 6 curare-tipped darts (quivered)
Armour
 b - a +0 shield (worn)
Jewellery
 m - an uncursed amulet of guardian spirit
 p - an uncursed ring of fire {unknown}
Wands
 i - a wand of disintegration (7)
Scrolls
 e - 2 scrolls of identify
 f - 2 scrolls of teleportation
 g - a scroll of magic mapping {unknown}
 h - a scroll of amnesia {unknown}
Potions
 c - a potion of might
 n - 2 potions of cancellation {unknown}
 o - a potion of magic {unknown}
 q - a potion of ambrosia {unknown}
 r - a potion of lignification {unknown}
 s - a potion of curing {unknown}
 t - a potion of agility {unknown}
Comestibles
 d - 9 rations
 k - 7 chunks of flesh


   Skills:
 + Level 5.5 Fighting
 - Level 2.0 Axes
 + Level 5.5 Dodging
 + Level 5.4 Shields


You had 6 spell levels left.
You didn't know any spells.
Your spell library was empty.

Dungeon Overview and Level Annotations

Branches:
Dungeon (4/15)
 Temple: D:4-7

Altars:
Elyvilon
Gozag
Wu Jian

Annotations:
D:3 exclusion: downstairs
D:4 Sigmund


Innate Abilities, Weirdness & Mutations

You cannot wear most types of armour.
You are very stealthy in the water. (Stealth+)
You are amphibious.
You can wear up to eight rings at the same time.
You can use your tentacles to constrict eight enemies at once.
Your skin changes colour to match your surroundings (Stealth+).
Your rubbery body absorbs attacks. (AC +1, EV +1)


Message History

Evoke which item? (* to show all) (? for menu, Esc to quit)
Okay, then.
As you read the scroll of teleportation, it crumbles to dust.
You feel strangely unstable.
Sigmund gestures wildly while chanting.
Sigmund flickers and vanishes!
Deactivating autopickup; reactivate with Ctrl-A.
The orc closely misses you.
The orc wizard casts a spell.
The orc wizard blinks!
Your surroundings suddenly seem different.
You are feeling hungry.
You hit the orc priest. Your grab misses the orc priest.
The orc priest is moderately wounded.
You block the orc priest's attack.
You closely miss the orc priest. Your grab misses the orc priest.
You squeeze the orc priest.
The orc priest is severely wounded.
The orc priest hits you with a +0 flail!
You die...

##..## #..##
#...#...##
#...######..#
#..####<##
##.....##.o.##
#..## #..#
#..........##
#..# #..#
.......o.###
##.# ##..
##.....{##
#..# #...
####.[.# #..#
##### ##..#
#o.# #..# #@.#
#..## #..#
#...# ..##
##..........#
#.........##
#........#
##......#
#...### >..#


You could see an orc priest.

Vanquished Creatures
  A phantom (D:4)
  A bullfrog (D:3)
  2 hounds
  A bullfrog skeleton (D:4)
  7 orc wizards
  A worker ant (D:2)
  A gnoll (D:2)
  7 adders
  2 oozes
  3 worms (D:2)
  2 dart slugs
  2 leopard geckos
  12 orcs
  2 ball pythons
  9 bats
  3 giant cockroaches (D:1)
  13 goblins
  7 hobgoblins
  10 jackals
  11 kobolds
  2 quokkas (D:2)
  5 frilled lizards
  9 rats
113 creatures vanquished.

Notes
Turn   | Place    | Note
-------+----------+-------------------------------------------
     0 | D:1      | grindst0ne the Octopode Fighter began the quest for the
                  | Orb.
     0 | D:1      | Reached XP level 1. HP: 16/16 MP: 1/1
    36 | D:1      | Reached XP level 2. HP: 18/21 MP: 2/2
   235 | D:1      | Reached XP level 3. HP: 23/26 MP: 3/3
   618 | D:2      | Reached XP level 4. HP: 32/33 MP: 4/4
   835 | D:2      | Reached XP level 5. HP: 14/37 MP: 5/5
  1162 | D:2      | Found an ornate altar of the Wu Jian Council.
  1738 | D:3      | Reached XP level 6. HP: 30/44 MP: 6/6
  2272 | D:3      | Found a white marble altar of Elyvilon.
  2500 | D:3      | Found an opulent altar of Gozag.
  2929 | D:4      | Reached skill level 5 in Dodging
  3111 | D:4      | Noticed a phantom
  3134 | D:4      | Killed a phantom
  3134 | D:4      | Reached skill level 5 in Fighting
  3134 | D:4      | Reached skill level 5 in Shields
  3134 | D:4      | Reached XP level 7. HP: 45/50 MP: 7/7
  3427 | D:4      | Noticed Sigmund
  3444 | D:4      | Mangled by an orc priest

Levels and vault maps discovered:
D:1:      ebering_hopf_link, layout_rooms, chequers_serial_rivers_small_a,
          minmay_ruptured
D:2:      layout_loops_ring, old_standard_altar, first_ration,
          cheibrodos_gnoll_hut
D:3:      layout_loops_ring, elyvilon_altar_3,
          nicolae_gozag_cash_rules_everything_around_me,
          kennysheep_generic_room_12
D:4:      layout_layer_cave, uniq_sigmund

Skill      XL: |  1  2  3  4  5  6 |
---------------+-------------------+-----
Dodging        | 4 5 |  5.5
Fighting       | 4 5 |  5.5
Shields        | 4 5 |  5.4
Axes           | |  2.0

Action                   |  1- 3 |  4- 6 |  7- 9 || total
-------------------------+-------+-------+-------++-------
Melee: War axe           |    72 |   129 |    29 ||   230
       Tentacles         |    14 |    21 |     7 ||    42
       Constrict         |    17 |    31 |     8 ||    56
Evoke: Wand              |       |     7 |     1 ||     8
  Use: Potion            |     1 |       |       ||     1
       Scroll            |       |       |     2 ||     2
 Stab: Sleeping          |     3 |     9 |       ||    12
       Distracted        |     1 |       |       ||     1
  Eat: Chunk             |       |     7 |     1 ||     8
Armor: Skin              |    10 |    21 |     2 ||    33
Dodge: Dodged            |    35 |    67 |    31 ||   133
Block: Shield            |    27 |    68 |    28 ||   123
